 Dungeon Crawl Stone Soup version 0.32-a0-666-ge8a88695a4 (webtiles) character file.

Game seed: 9876652754623808238

570 cforsyth the Grave Robber (level 7, -17/57 (60) HPs)
             Began as a Mountain Dwarf Necromancer on Mar 9, 2024.
             Killed from afar by Maggie (19 damage)
             ... with a bolt of fire
             ... on level 6 of the Dungeon.
             The game lasted 00:07:03 (5790 turns).

cforsyth the Grave Robber (MDNe)                    Turns: 5790, Time: 00:07:04

HP:   -17/57 (60)   AC: 14    Str: 13    XL:     7   Next: 11%
MP:   9/9           EV:  3    Int: 15    God:
Gold: 174           SH:  0    Dex: 10    Spells: 4/9 levels left

rFire   . . .        n - +3 hand axe of the Apocalypse {heavy, *Slow +Blink Stlth+}
rCold   . . .        (no shield)
rNeg    . . .        s - +0 plate armour
rPois   .            (no helmet)
rElec   .            (no cloak)
rCorr   .            r - +2 pair of gloves
SInv    .            (no boots)
Will    .....        (no amulet) Stlth
                     L - ring of flight
HPRegen 0.29/turn    (no ring)
MPRegen 0.11/turn

%: slow self (1%)
@: flying, slowed, drained, very slow
A: runic magic, artefact enchanting
a: Evoke Blink


You were on level 6 of the Dungeon.
You visited 1 branch of the dungeon, and saw 6 of its levels.

You collected 174 gold pieces.


Innate Abilities, Weirdness & Mutations

Your spellcasting is much less encumbered by armour.
You can use scrolls of enchantment on lesser artefacts.


   Skills:
 + Level 4.4 Fighting
 + Level 3.6 Axes
 + Level 3.3 Armour
 - Level 1.3 Dodging
 - Level 1.4 Stealth
 - Level 1.7 Spellcasting
 + Level 6.4 Necromancy


You had 4 spell levels left.
You knew the following spells:

 Your Spells              Type           Power      Damage    Failure   Level
a - Animate Dead          Necr           20%        N/A       47%         4
X - Necrotise             Necr           80%        1d8       5%          1

Your spell library contained the following spells:

 Spells                   Type           Power      Damage    Failure   Level
 Vampiric Draining        Necr           20%        2d7       16%         3
 Dazzling Flash           Conj/Hex       2%         N/A       92%         3
 Gell's Gravitas          Tloc           1%         N/A       92%         3
 Teleport Other           Tloc           1%         N/A       92%         3
 Volatile Blastmotes      Fire/Tloc      2%         2d10      92%         3
 Curse of Agony           Necr           20%        N/A       83%         5
 Dispersal                Tloc           0%         N/A       100%        6
 Starburst                Conj/Fire      0%         6d3       100%        6
 Maxwell's Capacitive Co  Air            0%         ∞         100%        8

Inventory:

Hand Weapons
 d - a +0 short sword
 g - a +0 falchion
 h - a +3 hand axe
 n - the +3 hand axe of the Apocalypse (weapon) {heavy, *Slow +Blink Stlth+}
   (You found it on level 4 of the Dungeon)

   +Blink:    It lets you blink.
   *Slow:     It may slow you when you take damage.
   Stlth+:    It makes you more stealthy.
Armour
 e - a +0 chain mail
 r - a +2 pair of gloves (worn)
 s - a +0 plate armour (worn)
Magical Staves
 t - a staff of conjuration {!a}
Jewellery
 c - a ring of protection from cold
 C - a ring of ice
 L - a ring of flight (left hand)
Wands
 j - a wand of digging (5)
 v - a wand of light (6)
Scrolls
 o - 3 scrolls of blinking
 u - a scroll of identify {@r1}
 w - a scroll of enchant armour {unknown}
Potions
 a - 2 potions of heal wounds {unknown}
 b - a potion of magic
 f - 4 potions of curing {@q1}
 i - a potion of degeneration {unknown}
 k - 2 potions of lignification
 l - 3 potions of haste {@q3}
 m - a potion of mutation {unknown}
 p - a potion of might
 q - a potion of attraction {unknown}

Dungeon Overview and Level Annotations

Branches:
Dungeon (6/15)
 Temple: D:4-7

Altars:
Cheibriados
Nemelex Xobeh
Ru
Sif Muna
Wu Jian
Yredelemnul
Zin

Shops:
D:5 [

Annotations:
D:3 2 transporters
D:6 Maggie

.. #### .⌠
##...##▒▒.
##........
.#.......⌠
.........
.......@#
.......@#
.#?.....##
##......#
##.....#
#####.#
##'##
##...##
##.....##
##.......##


You could see Maggie (blind, unable to see you).


Message History

Unknown command.
You closely miss Maggie.
Maggie is moderately wounded.
Maggie barely misses you.
Maggie hits you with a +0 heavy long sword!
* * * LOW HITPOINT WARNING * * *
You slash Maggie!
Maggie is heavily wounded.
Maggie hits you with a +0 heavy long sword!
* * * LOW HITPOINT WARNING * * *
Unknown command.
Unknown command.
Aiming: Bolt of Light
Press: ? - help, Shift-Dir - straight line, f/p - Maggie
Aim: Maggie, wielding a +0 heavy long sword and wearing +0 swamp dragon scales (heavily wounded, blind, unable to see you, 75% to hit)
The bolt of light misses Maggie.
Maggie completely misses you.
Unknown command.
Unknown command.
You hit Maggie.
Maggie is heavily wounded.
Maggie hits you with a +0 heavy long sword!
* * * LOW HITPOINT WARNING * * *
Maggie barely misses you.
You hit Maggie but do no damage.
Maggie is heavily wounded.
Maggie hits you with a +0 heavy long sword!
* * * LOW HITPOINT WARNING * * *
Maggie points at you and mumbles some strange words.
The bolt of fire hits you!!
You die...

Skill      XL: |  1  2  3  4  5  6 |
---------------+-------------------+-----
Fighting       | 1 2 3 4 |  4.4
Necromancy     | 5 6 |  6.4
Axes           | 1 2 3 |  3.6
Armour         | 1 2 3 |  3.3
Dodging        | |  1.3
Stealth        | |  1.4
Spellcasting   | |  1.7

Action                     |  1- 3 |  4- 6 |  7- 9 || total
---------------------------+-------+-------+-------++-------
  Melee: Short sword       |    18 |       |       ||    18
         Falchion          |    21 |       |       ||    21
         Hand axe          |     3 |    39 |     8 ||    50
   Cast: Necrotise         |    96 |    40 |       ||   136
  Evoke: Wand              |       |       |     2 ||     2
    Use: Scroll            |       |     7 |       ||     7
         Potion            |       |     1 |       ||     1
 Armour: Ring mail         |    17 |       |       ||    17
         Robe              |     1 |       |       ||     1
         Chain mail        |    55 |    16 |       ||    71
         Plate armour      |       |   105 |    12 ||   117
  Dodge: Dodged            |    23 |    14 |     4 ||    41

Levels and vault maps discovered:
D:1:      dpeg_arrival_central, layout_basic
D:2:      cheibrodos_helix_gallery, layout_loops_ring,
          shapermc_ecumenical_altar_mp_ritualfount, serial_bayou_pond_b,
          hangedman_decor_diamond_cutter, minmay_ruptured
D:3:      layout_loops_ring, gammafunk_temple_overflow_arena,
          nicolae_wu_jian_immortal_techniques
D:4:      minmay_wonky_spiral, layout_basic
D:5:      layout_loops_ring, nicolae_overflow_hallway_of_the_gods, serial_shops,
          nicolae_lakefront_shop, uniq_sigmund
D:6:      layout_loops_corners, minmay_temple_entry_junction, serial_shops,
          nicolae_shop_rolled_up, minmay_manual_mess, uniq_maggie

Notes
Turn   | Place    | Note
-------+----------+-------------------------------------------
     0 | D:1      | cforsyth the Mountain Dwarf Necromancer began the quest for
                  | the Orb.
     0 | D:1      | Reached XP level 1. HP: 14/14 MP: 3/3
    25 | D:1      | You fall into a shaft and drop 1 floor!
   156 | D:2      | Reached skill level 1 in Fighting
   170 | D:2      | Reached XP level 2. HP: 10/23 MP: 1/4
  1089 | D:1      | Reached skill level 2 in Fighting
  1285 | D:1      | Reached XP level 3. HP: 29/29 MP: 3/5
  1351 | D:1      | Reached skill level 5 in Necromancy
  1781 | D:2      | Found a faded altar of an unknown god.
  2782 | D:3      | Found a transporter.
  2790 | D:3      | Noticed a bullfrog
  2799 | D:3      | Found a transporter.
  2810 | D:3      | Found a snail-covered altar of Cheibriados.
  3187 | D:3      | Found an ornate altar of the Wu Jian Council.
  3322 | D:4      | Identified the +3 hand axe of the Apocalypse {heavy, *Slow
                  | +Blink Stlth+}
  3451 | D:4      | Reached XP level 4. HP: 37/37 MP: 2/6
  3614 | D:4      | Reached skill level 1 in Axes
  3617 | D:4      | Reached skill level 3 in Fighting
  3617 | D:4      | Reached skill level 1 in Armour
  3623 | D:4      | Identified the +0 ring mail of Defence {rElec Str-2 Dex+5}
  3995 | D:5      | Entered Level 5 of the Dungeon
  4088 | D:5      | Found a basalt altar of Yredelemnul.
  4095 | D:5      | Found a sparkling altar of Nemelex Xobeh.
  4098 | D:5      | Found a glowing silver altar of Zin.
  4098 | D:5      | Found a shimmering blue altar of Sif Muna.
  4125 | D:5      | Found a sacrificial altar of Ru.
  4189 | D:5      | Noticed Sigmund
  4452 | D:5      | Reached XP level 5. HP: 30/45 MP: 1/7
  4633 | D:5      | Killed Sigmund
  4634 | D:5      | Reached skill level 2 in Axes
  4634 | D:5      | Reached skill level 2 in Armour
  4634 | D:5      | Reached skill level 6 in Necromancy
  4634 | D:5      | Reached XP level 6. HP: 52/52 MP: 3/8
  4745 | D:5      | Reached skill level 4 in Fighting
  4745 | D:5      | Reached skill level 3 in Axes
  5090 | D:5      | Learned a level 4 spell: Animate Dead
  5160 | D:5      | Found Esoeta's Antique Armour Boutique.
  5340 | D:6      | Noticed Maggie
  5478 | D:6      | Reached skill level 3 in Armour
  5480 | D:6      | Reached XP level 7. HP: 16/57 MP: 9/9
  5790 | D:6      | HP: 2/57 [Maggie/+0 heavy long sword (7)]
  5790 | D:6      | Killed from afar by Maggie

Vanquished Creatures
  Sigmund (D:5)
  2 wights (D:6)
  2 hounds
  An orc priest (D:5)
  A bombardier beetle (D:5)
  An iguana (D:5)
  2 orc wizards (D:5)
  2 adders
  2 white imps
  2 dart slugs
  2 ribbon worms (D:2)
  3 orcs (D:5)
  6 ball pythons
  9 endoplasms
  4 giant cockroaches
  3 goblins
  8 hobgoblins
  7 jackals
  A quokka (D:1)
  5 bats
  A frilled lizard (D:2)
  7 kobolds
  8 rats
80 creatures vanquished.

Vanquished Creatures (collateral kills)
  An endoplasm (D:2)
  A rat (D:3)
2 creatures vanquished.

Grand Total: 82 creatures vanquished

Table legend: (Time is in decaauts)
 A = Elapsed time spent in this place.
 B = Non-inter-level travel time spent in this place.
 C = Inter-level travel time spent in this place.
 D = Time resting spent in this place.
 E = Time spent auto-exploring this place.
 F = Levels seen in this place.
 G = Mean time per level.
                   A        B        C        D        E       F      G
               +--------+--------+--------+--------+--------+-----+--------+
         Total |   5844 |   5593 |    251 |    358 |   4243 |   6 |  974.0 |
       Dungeon |   5844 |   5593 |    251 |    358 |   4243 |   6 |  974.0 |
               +--------+--------+--------+--------+--------+-----+--------+

Top non-repeatable levels by time:
     D:5: 1332 daAuts
     D:1: 1327 daAuts
     D:2: 1277 daAuts
     D:4: 917 daAuts
     D:3: 724 daAuts
     D:6: 265 daAuts

Table legend:
 A = Non-vault XP
 B = Vault XP
 C = Vault XP percentage of total XP
 D = Non-vault monster count
 E = Vault monster count
 F = Vault count percentage of total count
                 A         B        C        D         E       F
            +---------+---------+-------+---------+---------+-------
      Total |     580 |     235 |  28.8 |      72 |      10 |  12.2
            +---------+---------+-------+---------+---------+-------
        D:1 |      27 |       0 |   0.0 |      14 |       0 |   0.0
        D:2 |      37 |       7 |  15.9 |      19 |       6 |  24.0
        D:3 |      18 |       0 |   0.0 |      12 |       0 |   0.0
        D:4 |      74 |       5 |   6.3 |      12 |       3 |  20.0
        D:5 |     255 |     223 |  46.7 |      11 |       1 |   8.3
        D:6 |     169 |       0 |   0.0 |       4 |       0 |   0.0
            +---------+---------+-------+---------+---------+-------
